AoeStats
← Reards3786

Arena

510923347Analyzed
4v4 RM · 6h ago on Oct 3, 2026· 49m 46s· 8 players
Game mode
Random Map
Map size
Large (8 player)
Population
200
Speed
Normal
Resources
Standard
Victory
Conquest
Starting age
Dark Age
Ending age
Imperial Age
RankedLock teamsTeams togetherTeam positionsShared explorationLock speedFull tech treeHidden civsTurbo modeCheats
Victory
Defeat
🇺🇸 Vietnamese · United States
889
+11
🇺🇸 Khmer · United States
837
+13
🇺🇸 Franks · United States
829
+14
🇺🇸 Turks · United States
774
+16
🇨🇱 Teutons · Chile
812
-15
🇺🇸 Celts · United States
801
-14
🇦🇺 Bulgarians · Australia
766
-13
🇨🇱 Georgians · Chile
729
-12
Reards3786
12:32 Feudal Age
20:10 Castle Age
18:48 Stone Mining
18:49 Double-Bit Axe
26:23 Wheelbarrow
29:00 Town Watch
32:11 Hand Cart
32:15 Gold Mining
38:56 Forging
38:47 Scale Mail Armor
38:55 Scale Barding Armor
38:42 Fletching
43:13 Imperial Age
nickvictory98
11:00 Loom
12:46 Feudal Age
14:57 Double-Bit Axe
20:04 Castle Age
19:02 Scale Barding Armor
18:45 Horse Collar
20:55 Light Cavalry
26:14 Bow Saw
28:07 Chain Barding Armor
35:25 Pikeman
40:26 Imperial Age
41:08 Wheelbarrow
41:46 Furor Celtica
Jacrew
8:09 Loom
10:29 Feudal Age
10:56 Double-Bit Axe
10:52 Horse Collar
18:40 Castle Age
18:41 Stone Mining
21:03 Bow Saw
24:53 Elite Skirmisher
28:41 Imperial Age
27:25 Wheelbarrow
27:41 Heavy Plow
27:23 Pikeman
28:04 Squires
28:44 Forging
28:34 Scale Mail Armor
28:57 Town Watch
30:02 Conscription
29:46 Halberdier
30:27 Squires
32:15 Two-Man Saw
32:39 Chemistry
33:42 Hand Cart
34:39 Stone Shaft Mining
38:05 Crop Rotation
37:44 Gold Mining
39:18 Caravan
Onox17
2:36 Loom
16:07 Feudal Age
22:26 Double-Bit Axe
22:32 Gold Mining
22:34 Stone Mining
25:07 Forging
24:48 Fletching
25:05 Horse Collar
28:13 Castle Age
27:46 Forging
27:28 Fletching
34:16 Husbandry
34:27 Bloodlines
33:41 Light Cavalry
35:15 Wheelbarrow
34:26 Town Watch
MINIATURE PENIS
5:16 Loom
10:30 Feudal Age
13:31 Double-Bit Axe
15:51 Castle Age
14:03 Double-Bit Axe
20:47 Gold Mining
26:15 Bow Saw
26:02 Stone Mining
27:36 Gold Shaft Mining
27:43 Wheelbarrow
29:51 Hand Cart
31:08 Forging
31:03 Scale Barding Armor
34:13 Imperial Age
32:47 Iron Casting
33:34 Chain Barding Armor
34:18 Caravan
34:20 Cavalier
35:01 Husbandry
35:58 Paladin
38:37 Blast Furnace
38:12 Plate Barding Armor
39:17 Conscription
44:49 Chivalry
48:42 Spies/Treason
Glock$Monstaaa: Reloaded
13:09 Feudal Age
17:29 Castle Age
16:26 Horse Collar
16:35 Double-Bit Axe
20:21 Crossbowman
21:58 Fletching
22:36 Bow Saw
22:46 Loom
24:22 Thumb Ring
26:37 Bodkin Arrow
27:52 Wheelbarrow
30:01 Padded Archer Armor
30:13 Heavy Plow
29:46 Elite Skirmisher
34:44 Imperial Age
37:07 Arbalester
39:45 Two-Man Saw
39:45 Ballistics
40:26 Chemistry
dancing crab
13:13 Feudal Age
14:14 Double-Bit Axe
14:24 Double-Bit Axe
17:00 Castle Age
21:31 Imperial Age
20:14 Padded Archer Armor
24:04 Wheelbarrow
23:48 Forging
23:57 Leather Archer Armor
39:32 Hand Cart
39:06 Loom
40:33 Ring Archer Armor
40:09 Scale Barding Armor
43:34 Bow Saw
43:15 Gold Mining
43:16 Stone Mining
43:11 Horse Collar
44:31 Bloodlines
46:41 Iron Casting
47:23 Chain Barding Armor
49:41 Blast Furnace
49:17 Plate Barding Armor
JimboBimbo
5:10 Loom
11:16 Feudal Age
12:46 Double-Bit Axe
18:58 Castle Age
18:26 Scale Barding Armor
21:28 Bow Saw
21:00 Horse Collar
21:43 Chain Barding Armor
21:43 Gold Mining
26:49 Tusk Swords
27:07 Heavy Plow
33:32 Imperial Age
31:37 Ballistics
31:45 Padded Archer Armor
35:28 Wheelbarrow
34:44 Town Watch
35:01 Elite Ballista Elephant
37:01 Man-at-Arms
40:46 Double Crossbow
40:34 Long Swordsman
42:02 Forging
41:52 Scale Mail Armor
42:28 Plate Barding Armor
42:09 Leather Archer Armor
41:45 Two-Handed Swordsman
49:33 Spies/Treason
50:42 Conscription
Connection lost

Rejoining the realm…

Still unreachable

The connection could not be restored.

Session expired

The server has moved on; the page needs a fresh start.